 Dungeon Crawl Stone Soup version 0.30-a0-778-g2ef04afb54 (webtiles) character file.

Game seed: 16061351046857119169

3536 Esekla the Covert (level 10, -1/68 HPs)
             Began as an Octopode Delver on Feb 16, 2023.
             Was an Initiate of Gozag.
             Slain by a hornet (13 damage)
             ... while paralysed by a hornet
             ... on level 8 of the Dungeon.
             The game lasted 01:02:01 (9455 turns).

Esekla the Covert (Octopode Delver)                 Turns: 9455, Time: 01:02:02

Health: -1/68      AC:  1    Str: 12    XL:     10   Next: 8%
Magic:  16/16      EV:  2    Int: 16    God:    Gozag
Gold:   1955       SH:  0    Dex: 14    Spells: 10/17 levels left

rFire   . . .      SeeInvis .    s - +0 dagger (venom)
rCold   . . .      Faith    .    c - +0 buckler
rNeg    + . .      Spirit   .    (helmet restricted)
rPois   +          Reflect  .    v - amulet of the acrobat
rElec   .          Harm     .    n - ring of poison resistance
rCorr   .          Rampage  .    A - ring of flight
Will    .....                    F - ring of wizardry
Stlth   +++++                    G - ring of positive energy
HPRegen 0.31/turn                (no ring)
MPRegen 0.15/turn                (no ring)
                                 (no ring)
                                 (no ring)

@: paralysed, flying, slowed
A: almost no armour, amphibious, 8 rings, camouflage 1, gelatinous body 1,
(nimble swimmer 1), tentacles
a: Renounce Religion, Potion Petition, Call Merchant, Bribe Branch


You were on level 8 of the Dungeon.
You worshipped Gozag.
Gozag was most pleased with you.
You visited 2 branches of the dungeon, and saw 9 of its levels.
You also visited: Ossuary and Bailey.

You collected 2880 gold pieces.
You spent 420 gold pieces at shops.
You paid 505 gold pieces to Gozag.

Inventory:

Hand Weapons
 a - the +3 falchion of Xuhum {speed, Int+2}
   (You bought it in a shop on level 7 of the Dungeon)

   Int:       It affects your intelligence (+2).
 e - a +2 falchion of electrocution
 r - a +0 trident
 s - a +0 dagger of venom (weapon)
 P - the +6 sling of the Saviour {drain, Dex+3 SInv}
   (You found it on level 7 of the Dungeon)

   Dex:       It affects your dexterity (+3).
   SInv:      It lets you see invisible.
Missiles
 h - 19 boomerangs
 k - 2 javelins
 p - 7 silver javelins
 L - a curare-tipped dart
 M - 9 poisoned darts (quivered)
Armour
 c - a +0 buckler (worn)
Jewellery
 n - a ring of poison resistance (left tentacle)
 v - an amulet of the acrobat (around mantle)
 A - a ring of flight (right tentacle)
 F - a ring of wizardry (on tentacle)
 G - a ring of positive energy (on tentacle)
Wands
 f - a wand of digging (3)
 D - a wand of flame (16)
 N - a wand of roots (7)
Scrolls
 b - 2 scrolls of fog
 d - 3 scrolls of amnesia {unknown}
 g - a scroll of brand weapon {unknown}
 j - 6 scrolls of teleportation {unknown}
 m - 2 scrolls of immolation {unknown}
 o - 2 scrolls of magic mapping
 t - a scroll of enchant armour {unknown}
 w - a scroll of enchant weapon {unknown}
 x - a scroll of vulnerability {unknown}
 y - a scroll of noise {unknown}
 E - 2 scrolls of silence {unknown}
 H - a scroll of poison {unknown}
 I - 2 scrolls of fear
Potions
 i - 5 potions of flight
 l - 3 potions of mutation
 q - 5 potions of attraction
 u - 2 potions of heal wounds
 z - a potion of lignification
 B - 3 potions of curing
 C - a potion of cancellation
 J - a potion of berserk rage
 K - a potion of might
 O - 2 potions of haste


   Skills:
 * Level 5.8 Fighting
 + Level 2.5(5.0) Short Blades
 * Level 6.7(7.0) Long Blades
 + Level 2.1 Throwing
 * Level 4.8 Dodging
 - Level 8.3 Stealth
 * Level 3.3 Shields
 * Level 4.2 Spellcasting
 * Level 4.7 Necromancy
 * Level 3.8 Translocations
 * Level 1.9 Transmutations
 + Level 0.2 Evocations


You had 10 spell levels left.
You knew the following spells:

 Your Spells              Type           Power      Damage    Failure   Level
b - Blink                 Tloc           30%        N/A       2%          2
d - Vampiric Draining     Necr           18%        2d7       4%          3
w - Wereblood             Tmut           9%         N/A       6%          2

Your spell library contained the following spells:

 Spells                   Type           Power      Damage    Failure   Level
 Beastly Appendage        Tmut           18%        N/A       4%          1
 Cigotuvi's Dreadful Rot  Necr/Pois/Air  16%        N/A       7%          2
 Slow                     Hex            12%        N/A       9%          1
 Dispel Undead            Necr           18%        3d11      12%         4
 Spider Form              Tmut/Pois      6%         N/A       17%         3
 Manifold Assault         Tloc           15%        N/A       17%         4
 Confusing Touch          Hex            3%         N/A       26%         3
 Death Channel            Necr           9%         N/A       86%         6
 Storm Form               Tmut/Air       3%         N/A       100%        7


Dungeon Overview and Level Annotations

Branches:
Dungeon (8/15)             Temple (1/1) D:4         Ossuary (visited)
 Bailey (visited)
   Lair: D:8-11

Altars:
Cheibriados
Dithmenos
Elyvilon
Fedhas
Gozag
Hepliaklqana
Makhleb
Okawaru
Qazlal
Uskayaw
Vehumet
Xom
Yredelemnul

Shops:
D:4 (   D:6 [   D:7 (

Portals:
Abyss: D:7

Annotations:
D:2 1 runed translucent door, Crazy Yiuf
D:7 2 transporters, bande's ghost, novice GrFi


Innate Abilities, Weirdness & Mutations

You cannot wear most types of armour.
You are amphibious.
You can wear up to eight rings at the same time.
Your skin changes colour to match your surroundings (Stealth+).
Your rubbery body absorbs attacks. (AC +1, EV +1)
((You are camouflaged when in or above water. (Stealth+)))
You have tentacles for arms and can constrict up to eight enemies at once.


Message History

You kill the steam dragon!
You feel life coursing into your body.
You start resting.
A hornet is nearby!
You start resting.
Magic restored.
You start resting.
HP restored.
You now have 1930 gold pieces (gained 35).
Things that are here:
7 gold pieces; a +0 club A hornet is nearby!
You now have 1937 gold pieces (gained 7).
The hornet buzzes angrily.
Items here: $ ))).
You now have 1955 gold pieces (gained 18).
Your +0 dagger of venom begins to drip with poison!
s - a +0 dagger of venom (weapon)
You barely miss the hornet. Your grab misses the hornet.
Your squeeze misses the hornet. The hornet closely misses you.
You miss the hornet. Your grab misses the hornet. The hornet stings you!
You hit the hornet but do no damage.
The hornet is poisoned.
You grab the hornet. You constrict the hornet. The hornet stings you!
You hit the hornet but do no damage.
The hornet is lightly wounded.
You constrict the hornet, but do no damage.
The hornet stings you!
You suddenly lose the ability to move!
You lose your grip on the hornet.
The hornet stings you!
You feel yourself slow down. The hornet stings you!
* * * LOW HITPOINT WARNING * * *
The hornet stings you!
* * * LOW HITPOINT WARNING * * *
You feel as though you will be slow longer.
The hornet stings you.
* * * LOW HITPOINT WARNING * * *
You shrug off the repeated paralysis!
The hornet stings you!
You die...
Your body crumbles into a pile of gold.

#.# #.# #.# #.# #.#
#.# ... #.########.###
.... #............#
....
##########.#.######...
$ #.#.##....#
#.#.##....#
#.#..@y...#
#.####....##
#.#.....)..#
#.#.###)##.# #.#.#
#..# .. #.#........
... #.#####>......y.
#.#.........#.#.
#.#.######..# #


You could see a hornet (very poisoned).

Vanquished Creatures
  2 steam dragons
  An acid dragon (D:5)
  2 water moccasins (D:7)
  7 orc warriors (Bailey)
  A sky beast (D:7)
  An ogre (D:6)
  2 elf zombies (Ossuary)
  A kobold brigand (D:6)
  2 bullfrogs (D:7)
  Blork the orc (D:5)
  2 necrophages
  6 scorpions
  4 wights
  2 howler monkeys
  A centaur zombie (Ossuary)
  A human zombie (Ossuary)
  2 jellies
  3 hounds
  2 gnoll boudas
  An orc priest (D:6)
  Ijyb (D:4)
  Natasha (thrice) (D:2)
  6 iguanas
  4 mummies
  Robin (D:4)
  4 adders
  11 gnolls
  3 ufetubi
  5 adder zombies (Ossuary)
  A worm (D:3)
  3 dart slugs
  15 orcs
  4 ball pythons
  2 bats
  11 endoplasms
  5 giant cockroaches
  2 gnoll zombies (Ossuary)
  11 goblins
  10 hobgoblins
  8 jackals
  31 kobolds
  4 quokkas
  7 frilled lizards
  4 goblin zombies (Ossuary)
  6 hobgoblin zombies
  4 jackal zombies (Ossuary)
  4 kobold zombies (Ossuary)
  3 orc zombies
  4 quokka zombies (Ossuary)
  7 rats
  4 rat zombies (Ossuary)
232 creatures vanquished.

Notes
Turn   | Place    | Note
-------+----------+-------------------------------------------
     0 | D:5      | Esekla the Octopode Delver began the quest for the Orb.
     0 | D:5      | Reached XP level 1. HP: 16/16 MP: 1/1
     5 | D:5      | Noticed a scorpion
    41 | D:5      | Noticed a hound
    64 | D:5      | Found a snail-covered altar of Cheibriados.
    64 | D:5      | Found a hide-covered altar of Uskayaw.
    73 | D:5      | Found an iron altar of Okawaru.
    73 | D:5      | Found a burning altar of Makhleb.
    73 | D:5      | Found a blossoming altar of Fedhas.
    73 | D:5      | Found a hazy altar of Hepliaklqana.
    74 | D:5      | Found a shadowy altar of Dithmenos.
    75 | D:5      | Found a shimmering altar of Xom.
    76 | D:5      | Found a white marble altar of Elyvilon.
    77 | D:5      | Found a radiant altar of Vehumet.
    78 | D:5      | Found an opulent altar of Gozag.
   133 | D:5      | Noticed a scorpion
   155 | D:5      | Killed a hound
   156 | D:5      | Reached skill level 7 in Stealth
   156 | D:5      | Reached XP level 2. HP: 3/21 MP: 1/3
   156 | D:5      | Reached XP level 3. HP: 4/26 MP: 1/4
   249 | D:5      | Noticed a necrophage
   319 | D:5      | Became a worshipper of Gozag Ym Sagoz the Greedy
   408 | D:5      | Noticed Blork the orc
   606 | D:5      | Noticed a scorpion
   612 | D:5      | Killed a scorpion
   613 | D:5      | Reached skill level 1 in Spellcasting
   613 | D:5      | Reached XP level 4. HP: 22/31 MP: 5/5
   747 | D:5      | Noticed a scorpion
   760 | D:4      | Found a staircase to the Ecumenical Temple.
   775 | D:4      | Found Qoemarriceu's Weapon Shop.
  1106 | D:4      | Noticed a scorpion
  1154 | D:3      | Reached XP level 5. HP: 19/36 MP: 6/6
  1792 | D:2      | Found a faded altar of an unknown god.
  1942 | D:2      | Found a runed translucent door.
  1943 | D:2      | Noticed Crazy Yiuf
  2347 | D:1      | Reached skill level 8 in Stealth
  2627 | D:2      | Noticed Natasha
  2641 | D:2      | Killed Natasha
  2642 | D:2      | Reached XP level 6. HP: 28/43 MP: 8/8
  2777 | D:2      | Noticed Natasha
  2786 | D:2      | Killed Natasha
  3154 | D:3      | Found a stormy altar of Qazlal.
  3378 | D:2      | Noticed Natasha
  3383 | D:2      | Killed Natasha
  3506 | D:4      | Found a basalt altar of Yredelemnul.
  3519 | Temple   | Entered the Ecumenical Temple
  3523 | Temple   | Learned a level 2 spell: Blink
  3586 | D:4      | Reached skill level 1 in Short Blades
  3641 | D:4      | Reached skill level 1 in Necromancy
  3641 | D:4      | Reached XP level 7. HP: 26/48 MP: 9/9
  3757 | D:4      | Identified the +1 ring mail of Hedge Wizardry {Int+3}
  4210 | D:4      | Noticed Robin
  4211 | D:4      | Noticed Ijyb
  4230 | D:4      | Killed Ijyb
  4308 | D:4      | Reached skill level 1 in Shields
  4308 | D:4      | Reached skill level 1 in Translocations
  4404 | D:4      | Learned a level 3 spell: Vampiric Draining
  4416 | D:4      | Killed Robin
  4776 | D:5      | Reached skill level 1 in Throwing
  4776 | D:5      | Reached XP level 8. HP: 44/54 MP: 11/11
  4826 | D:5      | Killed Blork the orc
  5179 | D:5      | Reached skill level 5 in Fighting
  5179 | D:5      | Reached skill level 5 in Long Blades
  5505 | D:6      | Found a sand-covered staircase.
  5515 | Ossuary  | Entered an ossuary
  6415 | D:6      | Reached XP level 9. HP: 61/61 MP: 13/13
  6627 | D:6      | Found Jof Elah's Armour Shop.
  7062 | D:6      | Learned a level 2 spell: Wereblood
  7197 | D:7      | Found a flagged portal.
  7212 | D:7      | Bought a fine falchion for 240 gold pieces
  7212 | D:7      | Identified the +3 falchion of Xuhum {speed, Int+2} (You
                  | bought it in a shop on level 7 of the Dungeon)
  7300 | D:7      | Bought a glowing falchion for 180 gold pieces
  7354 | D:7      | Identified the +6 sling of the Saviour {drain, Dex+3 SInv}
  7540 | Bailey   | Entered a bailey
  7586 | Bailey   | Reached skill level 1 in Transmutations
  8598 | D:7      | Reached XP level 10. HP: 68/68 MP: 16/16
  8605 | D:7      | Found a transporter.
  8636 | D:7      | Found a transporter.
  8662 | D:7      | Found a one-way gate to the infinite horrors of the Abyss.
  8662 | D:7      | Noticed bande's ghost (novice GrFi)
  9452 | D:8      | Paralysed by a hornet for 3 turns
  9455 | D:8      | Slain by a hornet

Illustrated notes

Levels and vault maps discovered:
D:1:      wander_arrival_desolate, layout_rooms, hangedman_decor_lopped
D:2:      layout_rooms, ebering_ecumenical_altar_hall, uniq_natasha,
          uniq_crazy_yiuf_cottage
D:3:      layout_basic, lemuel_doored_altar, st_stairs_7,
          minmay_stone_trees_medium, minmay_goblin_kobold_house
D:4:      layout_gridville, yredelemnul_altar_generic,
          minmay_temple_entry_offerings, serial_shops, shop_fountains,
          minmay_misc_feat_pillars, nicolae_goblin_pals
D:5:      layout_rooms, minitemple, minmay_small_thing, uniq_ijyb,
          uniq_blork_the_orc
D:6:      layout_basic, serial_shops, nicolae_stop_n_shop_2,
          nicolae_ossuary_entry_giza
D:7:      layout_basic, enter_bailey_2, gammafunk_ghost_abyssal_escape
D:8:      layout_basic, lair_entry_dummy, chequers_garden
Temple:   corrupted_temple

Skill      XL: |  1  2  3  4  5  6  7  8  9 |
---------------+----------------------------+-----
Stealth        | 7 8 |  8.3
Spellcasting   | 1 2 3 4 |  4.2
Long Blades    | 3 4 5 6 |  6.7
Fighting       | 4 5 |  5.8
Short Blades   | 1 2 |  2.5
Dodging        | 3 4 |  4.8
Necromancy     | 1 2 4 |  4.7
Shields        | 1 2 3 |  3.3
Translocations | 1 2 3 |  3.8
Throwing       | 1 2 |  2.1
Transmutations | 1 |  1.9
Evocations     | |  0.2

Action                     |  1- 3 |  4- 6 |  7- 9 | 10-12 || total
---------------------------+-------+-------+-------+-------++-------
  Melee: Falchion          |    18 |   105 |   196 |    11 ||   330
         Tentacles         |     3 |    34 |    81 |     2 ||   120
         Constrict         |     4 |    36 |    84 |     4 ||   128
         Dagger            |       |    58 |   116 |     6 ||   180
         Punch             |       |       |    13 |       ||    13
  Throw: Javelin           |       |     2 |    20 |       ||    22
         Dart              |       |       |    20 |       ||    20
   Cast: Vampiric Draining |       |       |    19 |     4 ||    23
         Blink             |       |       |     1 |       ||     1
 Invoke: Call Merchant     |       |       |     1 |       ||     1
  Evoke: Wand              |       |       |     1 |       ||     1
    Use: Scroll            |     2 |       |    10 |       ||    12
   Stab: Sleeping          |       |    28 |    27 |     1 ||    56
         Distracted        |       |       |     1 |       ||     1
 Armour: Skin              |     2 |    11 |     6 |       ||    19
  Dodge: Dodged            |    12 |    71 |   137 |    10 ||   230
  Block: Buckler           |       |    13 |    35 |     2 ||    50

Table legend: (Time is in decaauts)
 A = Elapsed time spent in this place.
 B = Non-inter-level travel time spent in this place.
 C = Inter-level travel time spent in this place.
 D = Time resting spent in this place.
 E = Time spent auto-exploring this place.
 F = Levels seen in this place.
 G = Mean time per level.
                   A        B        C        D        E       F      G
               +--------+--------+--------+--------+--------+-----+--------+
         Total |   9440 |   9148 |    292 |   1919 |   2059 |  11 |  858.2 |
       Dungeon |   7954 |   7662 |    292 |   1334 |   1974 |   8 |  994.2 |
        Temple |      4 |      4 |      0 |      0 |      0 |   1 |    4.0 |
       Ossuary |    766 |    766 |      0 |    328 |     44 |   1 |  766.0 |
        Bailey |    714 |    714 |      0 |    256 |     41 |   1 |  714.0 |
               +--------+--------+--------+--------+--------+-----+--------+

Top non-repeatable levels by time:
     D:5: 1366 daAuts
     D:4: 1344 daAuts
     D:6: 1199 daAuts
     D:3: 1158 daAuts
     D:7: 1101 daAuts
     D:2: 827 daAuts
 Ossuary: 766 daAuts
  Bailey: 714 daAuts
     D:1: 563 daAuts
     D:8: 394 daAuts
  Temple: 4 daAuts
